 Dungeon Crawl Stone Soup version 0.29-a0-997-gf6f7e2dfe7 (webtiles) character file.

Game seed: 4481615663943974970

3925 spiderkeys the Cleaver (level 10, -2/94 HPs)
             Began as a Hill Orc Monk on Aug 4, 2022.
             Was a Believer of Beogh.
             Slain by a four-headed hydra (11 damage)
             ... on level 9 of the Dungeon.
             The game lasted 00:14:35 (10592 turns).

spiderkeys the Cleaver (Hill Orc Monk)             Turns: 10592, Time: 00:14:36

Health: -2/94      AC: 24    Str: 25    XL:     10   Next: 20%
Magic:  10/10      EV:  8    Int: 10    God:    Beogh [**....]
Gold:   1636       SH:  0    Dex: 13    Spells: 9/9 levels left

rFire   . . .      SeeInvis .   l - +5 battleaxe (freeze)
rCold   . . .      Faith    .   (shield currently unavailable)
rNeg    . . .      Spirit   .   d - +0 plate armour
rPois   .          Reflect  .   (no helmet)
rElec   .          Harm     .   y - +0 cloak
rCorr   .          Rampage  .   u - +2 pair of gloves
Will    .....                   t - +2 pair of boots
Stlth   ..........              (no amulet)
HPRegen 0.25/turn               L - ring of flight
MPRegen 0.12/turn               S - +6 ring of strength

@: about to teleport, flying
A: iridescent scales 1, mutation resistance 1
a: Renounce Religion, Smiting


You were on level 9 of the Dungeon.
You worshipped Beogh.
Beogh was pleased with you.
You visited 2 branches of the dungeon, and saw 10 of its levels.
You also visited: Sewer.

You collected 1636 gold pieces.


Innate Abilities, Weirdness & Mutations

You are partially covered in iridescent scales. (AC +2)
You are somewhat resistant to further mutation.


   Skills:
 + Level 10.4 Fighting
 + Level 11.3 Axes
 + Level 8.8 Armour
 - Level 2.4 Dodging
 - Level 1.5 Stealth
 + Level 3.0 Shields


You had 9 spell levels left.
You didn't know any spells.
Your spell library contained the following spells:

 Spells                   Type           Power      Damage    Failure   Level
 Beastly Appendage        Tmut           0%         N/A       99%         1
 Wereblood                Tmut           0%         N/A       99%         2
 Conjure Flame            Conj/Fire      0%         6-21      100%        3
 Ignite Poison            Fire/Tmut/Pois 0%         N/A       100%        3
 Spider Form              Tmut/Pois      0%         N/A       100%        3
 Sticky Flame             Conj/Fire      0%         2d3       100%        4
 Summon Lightning Spire   Summ/Air       0%         N/A       100%        4
 Alistair's Intoxication  Tmut/Pois      0%         N/A       100%        5
 Storm Form               Tmut/Air       0%         N/A       100%        7
 Maxwell's Capacitive Co  Air            0%         ∞         100%        8

Inventory:

Hand Weapons
 l - a +5 battleaxe of freezing (weapon)
   (You took it off a wight on level 5 of the Dungeon)
 m - a +0 broad axe
   (You found it on level 4 of the Dungeon)
Missiles
 h - 82 stones (quivered)
 s - 24 poisoned darts
 A - a throwing net {=f!f}
 C - a boomerang
Armour
 a - a +3 ring mail
   (You took it off an orc on level 5 of the Dungeon)
 b - a +0 scale mail
   (You took it off an orc on level 7 of the Dungeon)
 d - a +0 plate armour (worn)
   (You found it on level 4 of the Dungeon)
 f - a +0 ring mail
   (You took it off an orc on level 7 of the Dungeon)
 k - a +0 scale mail
   (You took it off a gnoll sergeant on level 7 of the Dungeon)
 n - a +0 ring mail
   (You found it on level 1 of the Dungeon)
 t - a +2 pair of boots (worn)
   (You found it on level 2 of the Dungeon)
 u - a +2 pair of gloves (worn)
   (You found it on level 2 of the Dungeon)
 w - a +0 ring mail
   (You took it off a wight on level 7 of the Dungeon)
 y - a +0 cloak (worn)
   (You found it on level 4 of the Dungeon)
 z - a +0 chain mail
   (You took it off an orc on level 7 of the Dungeon)
 E - a +0 chain mail
   (You took it off an orc on level 7 of the Dungeon)
 F - a +0 plate armour
   (You took it off an orc warrior on level 7 of the Dungeon)
 G - a +0 ring mail
   (You took it off an orc on level 7 of the Dungeon)
 H - a +0 scale mail
   (You took it off an orc on level 7 of the Dungeon)
 I - a +0 buckler
   (You took it off a gnoll sergeant on level 7 of the Dungeon)
 N - a +0 chain mail
   (You found it on level 8 of the Dungeon)
 P - a +0 ring mail
   (You took it off a kobold on level 8 of the Dungeon)
 T - a +0 ring mail
   (You found it on level 8 of the Dungeon)
 Z - a +0 ring mail
   (You found it on level 8 of the Dungeon)
Magical Staves
 Y - a staff of earth {!a}
   (You found it on level 9 of the Dungeon)
Jewellery
 L - a ring of flight (left hand)
   (You found it on level 1 of the Dungeon)
 S - a +6 ring of strength (right hand)
   (You found it on level 7 of the Dungeon)
 W - a ring of magical power
   (You took it off an orc on level 7 of the Dungeon)
Wands
 x - a wand of paralysis (11)
   (You took it off a wight on level 7 of the Dungeon)
 X - a wand of digging (4)
   (You found it on level 6 of the Dungeon)
Scrolls
 i - 3 scrolls of noise {!r}
 r - 4 scrolls of vulnerability {!r!r}
 v - 2 scrolls of teleportation {@r4}
 D - 3 scrolls of amnesia
 M - 2 scrolls of fear
 O - a scroll of torment {!r}
 R - a scroll of fog
 U - a scroll of enchant weapon
Potions
 c - a potion of ambrosia
 e - a potion of haste {@q3}
 g - a potion of attraction {unknown}
 j - a potion of resistance
 o - 3 potions of invisibility
 p - 2 potions of cancellation
 q - 4 potions of curing {@q1}
 B - 2 potions of degeneration {unknown}
 J - a potion of magic
 K - a potion of mutation {!q}
 Q - a potion of might
 V - 2 potions of lignification {!q}

Dungeon Overview and Level Annotations

Branches:
Dungeon (9/15) Zot: 26517  Temple (1/1) D:5 Zot: 5599   Sewer (visited)
   Lair: D:8-11         Orc: D:9-12

Altars:
Ashenzari
Cheibriados
Dithmenos
Elyvilon
Fedhas
Gozag
Hepliaklqana
Kikubaaqudgha
Makhleb
Nemelex Xobeh
Okawaru
Qazlal
Ru
Sif Muna
Trog
Uskayaw
Vehumet
Wu Jian
Xom
Yredelemnul
Zin
The Shining One

Shops:
D:4 :

Annotations:
D:9 Pikel

....♣ ♣...##)# ........#.#
....K♣♣...##.####..........#K###
..........##))......######..KK..
......)...##..###### #####...##.
.......).......# .........#.
#######...†....# .####.#..#.
#........# #.#....
#.......D######.# #..>..#
######...@......# ####..#
###....#############..# #####
#..........#....).....# ..._#
#....♣♣♣...#..........# #'#≈#
#....♣ ♣♣..#..........# #.# #
#....♣♣♣♣..#...........
#.#########..........#...........
#....[...........................
###.))).......#####.........<..#)


You could see a four-headed hydra.


Message History

The curare-tipped dart hits you.
You are more poisoned.
You have difficulty breathing.
You feel yourself slow down. The kobold completely misses you.
Things that are here:
a +0 dagger; a +0 robe; 😕 HP[-10]
You take 10 damage, and now have 71/94 hp.
You feel very sick. The kobold hits you but does no damage.
The kobold brigand hits you but does no damage.
You are more poisoned.
The kobold hits you but does no damage.
The kobold brigand hits you but does no damage.
You are more poisoned. 😮 HP[-5]
You take 5 damage, and now have 66/94 hp.
You slice the kobold brigand!! You freeze the kobold brigand.
You kill the kobold brigand!
Beogh accepts your kill.
You barely miss the kobold.
You feel extremely sick. The kobold barely misses you.
Your Shields skill increases to level 3! 😮 HP[-10]
You take 10 damage, and now have 56/94 hp.
You closely miss the kobold. You slice the kobold!! You freeze the kobold.
You kill the kobold!
Beogh accepts your kill.
You feel extremely sick. The kobold hits you with a +0 club.
* * * LOW HITPOINT WARNING * * *
The kobold hits you but does no damage. 😨 HP[-9]
You take 9 damage, and now have 47/94 hp.
You barely miss the kobold.
You feel very sick. The kobold hits you but does no damage.
The kobold misses you. 😨 HP[-4]
You take 4 damage, and now have 43/94 hp.
You closely miss the kobold.
You feel very sick. The kobold hits you with a +0 club.
* * * LOW HITPOINT WARNING * * *
😨 HP[-5]
You take 5 damage, and now have 38/94 hp.
You closely miss the kobold.
You feel sick.
The kobold hits you but does no damage. x2 😨 HP[-1]
You take 1 damage, and now have 37/94 hp.
You slice the kobold!! You freeze the kobold.
You kill the kobold!
Beogh accepts your kill.
You feel sick. 😨 HP[-2]
You take 2 damage, and now have 35/94 hp.
You feel sick.
s - 24 poisoned darts (gained 3)
Your pack is full.
Items here: ( ))))) ††.
You feel sick.
You are no longer poisoned.
Pikel, Merchant of Souls comes into view.
He is wielding a +2 whip of flaming. 😨 HP[-2]
You take 2 damage, and now have 33/94 hp.
You feel yourself speed up.
Things that are here:
a +0 dagger; a +0 robe; 😨 HP[+1]
The four-headed hydra roars!
You hear a shout!
As you read the scroll of teleportation {@r4}, it crumbles to dust.
You feel strangely unstable.
The four-headed hydra bites you but does no damage.
The four-headed hydra barely misses you.
The four-headed hydra bites you but does no damage. x2 😨 HP[+1]
The four-headed hydra bites you!
* * * LOW HITPOINT WARNING * * *
The four-headed hydra bites you but does no damage.
The four-headed hydra bites you.
* * * LOW HITPOINT WARNING * * *
The four-headed hydra bites you.
* * * LOW HITPOINT WARNING * * *
😱 HP[-19]
You take 19 damage, and now have 16/94 hp.
MASSIVE DAMAGE!! (PAUSE)
The four-headed hydra attacks as you move away!
The four-headed hydra bites you.
* * * LOW HITPOINT WARNING * * *
The four-headed hydra bites you but does no damage.
The four-headed hydra barely misses you.
The four-headed hydra bites you.
* * * LOW HITPOINT WARNING * * *
😱 HP[-5]
You take 5 damage, and now have 11/94 hp.
Unknown command.
The four-headed hydra attacks as you move away!
The four-headed hydra bites you.
* * * LOW HITPOINT WARNING * * *
The four-headed hydra bites you!
You die...

Skill      XL: |  1  2  3  4  5  6  7  8  9 10 |
---------------+-------------------------------+-----
Armour         | 1 2 3 4 5 6 8 |  8.8
Fighting       | 4 5 6 7 8 10 | 10.4
Axes           | 5 6 7 9 11 | 11.3
Shields        | 1 3 |  3.0
Dodging        | |  2.4
Stealth        | |  1.5

Action                   |  1- 3 |  4- 6 |  7- 9 | 10-12 || total
-------------------------+-------+-------+-------+-------++-------
Melee: Hand axe          |   138 |   129 |       |       ||   267
       Punch             |     1 |     2 |     2 |       ||     5
       Broad axe         |       |       |   219 |       ||   219
       Battleaxe         |       |       |   110 |    61 ||   171
Throw: Dart              |       |    16 |     3 |       ||    19
       Stone             |       |       |     3 |       ||     3
Invok: Convert to Beogh  |       |       |       |     1 ||     1
Evoke: Wand              |       |       |     1 |       ||     1
  Use: Scroll            |     3 |     6 |    10 |     4 ||    23
       Potion            |       |       |     3 |     1 ||     4
 Stab: Sleeping          |     8 |       |       |       ||     8
Armor: Robe              |    13 |       |       |       ||    13
       Ring mail         |    25 |    91 |   142 |       ||   258
       Plate armour      |       |       |    81 |    74 ||   155
Dodge: Dodged            |   116 |    83 |   241 |    38 ||   478

Levels and vault maps discovered:
D:1:      dpeg_arrival_houses_and_road, layout_loops_ring
D:2:      layout_loops_ring, hellmonk_ecumenical_altar_crossroads,
          chequers_serial_rivers_large_b, due_unseen_surprise
D:3:      layout_rooms, uniq_jessica
D:4:      layout_gridville, serial_shops, shop, minmay_cupped
D:5:      layout_rooms, minmay_temple_entry_mist, cheibrodos_sewer_entry_drain,
          kennysheep_generic_room_4
D:6:      layout_basic
D:7:      layout_basic, chequers_serial_rivers_micro_e
D:8:      layout_basic, serial_bayou_pond_a
D:9:      layout_basic, gammafunk_temple_overflow_elements,
          minmay_misc_feat_doors, uniq_pikel
Temple:   mainiacjoe_temple_big_plus

Notes
Turn   | Place    | Note
-------+----------+-------------------------------------------
     0 | D:1      | spiderkeys the Hill Orc Monk began the quest for the Orb.
     0 | D:1      | Reached XP level 1. HP: 19/19 MP: 1/1
     0 | D:1      | magus.rc [v1.11.3]
    96 | D:1      | Reached XP level 2. HP: 25/27 MP: 2/2
   111 | D:1      | Reached skill level 1 in Armour
   667 | D:1      | Reached skill level 4 in Fighting
   905 | D:1      | Reached XP level 3. HP: 32/33 MP: 3/3
  1406 | D:2      | Found a faded altar of an unknown god.
  2294 | D:3      | Reached skill level 5 in Axes
  2294 | D:3      | Reached skill level 2 in Armour
  2294 | D:3      | Reached XP level 4. HP: 38/41 MP: 4/4
  3076 | D:3      | Noticed Jessica
  3090 | D:3      | Killed Jessica
  3091 | D:3      | Reached skill level 5 in Fighting
  3091 | D:3      | Reached XP level 5. HP: 25/48 MP: 5/5
  3329 | D:4      | Noticed a black bear
  3339 | D:4      | Killed a black bear
  3340 | D:4      | Reached skill level 3 in Armour
  3340 | D:4      | Reached XP level 6. HP: 51/56 MP: 6/6
  3425 | D:4      | Reached skill level 6 in Axes
  3603 | D:4      | Found Korpheiv's Book Shoppe.
  3640 | D:4      | Noticed a black bear
  3654 | D:4      | Killed a black bear
  3778 | D:4      | Reached skill level 6 in Fighting
  3778 | D:4      | Reached skill level 4 in Armour
  3962 | D:4      | Reached XP level 7. HP: 63/63 MP: 7/7
  4054 | D:4      | Reached skill level 7 in Axes
  4408 | D:4      | You add the spells Conjure Flame, Ignite Poison and Sticky
                  | Flame to your library.
  4511 | D:4      | You pick up a book of Changes and begin reading...
  4511 | D:4      | You add the spells Beastly Appendage, Wereblood and Spider
                  | Form to your library.
  4739 | D:5      | Entered Level 5 of the Dungeon
  4757 | D:5      | Found a staircase to the Ecumenical Temple.
  4784 | Temple   | Entered the Ecumenical Temple
  5240 | D:5      | Found a glowing drain.
  5249 | Sewer    | Entered a sewer
  5400 | Sewer    | Noticed Pargi
  5407 | Sewer    | Killed Pargi
  5408 | Sewer    | Reached skill level 7 in Fighting
  5408 | Sewer    | Reached skill level 5 in Armour
  5508 | D:5      | Reached XP level 8. HP: 63/73 MP: 8/8
  5822 | D:5      | Reached skill level 8 in Axes
  6260 | D:4      | Reached skill level 6 in Armour
  6658 | D:6      | Reached skill level 8 in Fighting
  6756 | D:6      | Reached skill level 9 in Axes
  7109 | D:6      | HP: 17/70 [wight/+0 battleaxe (3)]
  7109 | D:6      | HP: 8/68 [wight/+5 battleaxe of freezing (2)]
  7406 | D:5      | Reached XP level 9. HP: 47/75 MP: 9/9
  7714 | D:7      | Reached skill level 7 in Armour
  8083 | D:7      | Reached skill level 9 in Fighting
  8173 | D:7      | Reached skill level 10 in Axes
  8238 | D:7      | Paralysed by a wight for 3 turns
  8241 | D:7      | HP: 20/82 [wight/+0 war axe (2)]
  8247 | D:7      | HP: 9/83 [wight/+0 war axe (8)]
  8252 | D:7      | HP: 9/79 [wight/+0 flail (2)]
  8710 | D:7      | Reached skill level 8 in Armour
  9303 | D:8      | Gained mutation: You are somewhat resistant to further
                  | mutation. [potion of mutation]
  9303 | D:8      | Gained mutation: You are partially covered in iridescent
                  | scales. (AC +2) [potion of mutation]
  9364 | D:8      | Reached skill level 1 in Shields
  9452 | D:8      | Reached skill level 10 in Fighting
  9466 | D:8      | Reached skill level 11 in Axes
  9468 | D:8      | Reached XP level 10. HP: 73/93 MP: 10/10
  9475 | D:8      | Reached skill level 2 in Shields
  9654 | D:8      | You pick up a book of the Sky and begin reading...
  9654 | D:8      | You add the spells Summon Lightning Spire, Storm Form and
                  | Maxwell's Capacitive Coupling to your library.
  9997 | D:8      | Got the Atlas of the Fetid Wind
 10087 | D:8      | Identified a scroll of acquirement
 10087 | D:8      | Acquired 941 gold pieces
 10143 | D:9      | Noticed a four-headed hydra
 10474 | D:9      | Found an ancient bone altar of Kikubaaqudgha.
 10474 | D:9      | Found an ornate altar of the Wu Jian Council.
 10508 | D:9      | Became a worshipper of Beogh the Brigand
 10508 | D:9      | Reached * piety under Beogh
 10508 | D:9      | Reached ** piety under Beogh
 10576 | D:9      | Reached skill level 3 in Shields
 10582 | D:9      | Noticed Pikel
 10590 | D:9      | HP: 22/94 [four-headed hydra (6)]
 10592 | D:9      | HP: 9/94 [four-headed hydra (2)]
 10592 | D:9      | Slain by a four-headed hydra

Vanquished Creatures
  Pargi (Sewer)
  A sky beast (D:8)
  2 orc warriors
  An ice beast (D:8)
  5 black bears
  4 ogres
  2 phantoms (D:6)
  3 centaurs
  4 kobold brigands
  3 bullfrogs
  A gnoll sergeant (D:7)
  3 scorpions
  12 wights
  5 howler monkeys
  3 hounds
  Jessica (D:3)
  3 iguanas
  8 orc wizards
  10 gnolls
  8 adders
  2 shadow imps (D:5)
  2 ufetubi
  2 worms (D:5)
  3 dart slugs
  36 orcs
  13 endoplasms
  4 giant cockroaches
  10 goblins
  8 hobgoblins
  6 jackals
  3 quokkas
  3 ball pythons
  2 bats (D:1)
  3 frilled lizards
  25 kobolds
  6 rats
208 creatures vanquished.

Vanquished Creatures (others)
  An orc priest (D:9)
  An orc wizard (D:9)
  An orc (D:9)
  2 kobolds (D:9)
  A plant (D:8)
6 creatures vanquished.

Grand Total: 214 creatures vanquished

Table legend:
 A = Non-vault XP
 B = Vault XP
 C = Vault XP percentage of total XP
 D = Non-vault monster count
 E = Vault monster count
 F = Vault count percentage of total count
                 A         B        C        D         E       F
            +---------+---------+-------+---------+---------+-------
      Total |    5296 |     312 |   5.6 |     193 |      15 |   7.2
            +---------+---------+-------+---------+---------+-------
        D:1 |      43 |       0 |   0.0 |      24 |       0 |   0.0
        D:2 |      26 |       0 |   0.0 |      10 |       0 |   0.0
        D:3 |     103 |      37 |  26.4 |      22 |       1 |   4.3
        D:4 |     754 |      62 |   7.6 |      23 |       3 |  11.5
        D:5 |     541 |      53 |   8.9 |      20 |       4 |  16.7
        D:6 |     657 |       0 |   0.0 |      12 |       0 |   0.0
        D:7 |    1613 |       0 |   0.0 |      44 |       0 |   0.0
        D:8 |    1079 |       0 |   0.0 |      21 |       0 |   0.0
        D:9 |     480 |       0 |   0.0 |      17 |       0 |   0.0
      Sewer |       0 |     160 | 100.0 |       0 |       7 | 100.0
            +---------+---------+-------+---------+---------+-------

Illustrated notes

Table legend:
 A = Kills in this place as a percentage of kills in entire the game.
 B = Kills by you in this place as a percentage of kills by you in the entire game.
 C = Kills by friends in this place as a percentage of kills by friends in the entire game.
 D = Other kills in this place as a percentage of other kills in the entire game.
 E = Experience gained in this place as a percentage of experience gained in the entire game.
 F = Experience gained in this place divided by the number of levels of this place that you have seen.
                   A       B       C       D       E      F
               +-------+-------+-------+-------+-------+----------------------
         Total | 100.0 | 100.0 |   N/A |   N/A | 100.0 | 509.8
       Dungeon |  96.6 |  96.6 |   N/A |   N/A |  97.1 | 605.3
         Sewer |   3.4 |   3.4 |   N/A |   N/A |   2.9 | 160.0
               +-------+-------+-------+-------+-------+----------------------

Table legend: (Time is in decaauts)
 A = Elapsed time spent in this place.
 B = Non-inter-level travel time spent in this place.
 C = Inter-level travel time spent in this place.
 D = Time resting spent in this place.
 E = Time spent auto-exploring this place.
 F = Levels seen in this place.
 G = Mean time per level.
                   A        B        C        D        E       F      G
               +--------+--------+--------+--------+--------+-----+--------+
         Total |  10679 |  10157 |    522 |   1052 |   7249 |  11 |  970.8 |
       Dungeon |  10049 |   9559 |    490 |   1052 |   6723 |   9 | 1116.6 |
        Temple |    400 |    368 |     32 |      0 |    361 |   1 |  400.0 |
         Sewer |    230 |    230 |      0 |      0 |    165 |   1 |  230.0 |
               +--------+--------+--------+--------+--------+-----+--------+

Top non-repeatable levels by time:
     D:4: 1548 daAuts
     D:5: 1450 daAuts
     D:1: 1345 daAuts
     D:7: 1332 daAuts
     D:3: 1210 daAuts
     D:8: 1094 daAuts
     D:6: 919 daAuts
     D:2: 914 daAuts
  Temple: 400 daAuts
     D:9: 232 daAuts
   Sewer: 230 daAuts
